 Dungeon Crawl Stone Soup version 0.32-a0-35-gd9ff480968 (webtiles) character file.

Game seed: 10752106549176235432

6023 cforsyth the Fighter (level 11, -5/87 HPs)
             Began as a Djinni Enchanter on Jan 23, 2024.
             Slain by an orc knight
             ... wielding a +3 bardiche of venom
              (20 damage)
             ... in a bailey.
             The game lasted 00:24:22 (9223 turns).

cforsyth the Fighter (Djinni Enchanter)             Turns: 9223, Time: 00:24:23

Health: -5/87      AC:  4    Str: 13    XL:     11   Next: 11%
Gold:   461        EV: 12    Int: 22    God:
                   SH:  0    Dex: 13

rFire   + + .        a - +2 dagger
rCold   x . .        (no shield)
rNeg    + . .        b - +0 robe
rPois   ∞            (no helmet)
rElec   .            n - +0 cloak
rCorr   .            r - +0 pair of gloves
SInv    .            (boots unavailable)
Will    +....        (no amulet)
Stlth   ++           g - ring of positive energy
HPRegen 0.34/turn    k - +6 ring of strength
MPRegen 0.00/turn

%: infuse magic (-6 HP)
@: flying
A: sickness immunity, fire resistance 2, cold vulnerability 1, float, innate
caster, HP casting, extra vitality 1
a: no special abilities


You were in a bailey.
You visited 1 branch of the dungeon, and saw 9 of its levels.
You also visited: Sewer and Bailey.

You collected 461 gold pieces.

Inventory:

Hand Weapons
 a - a +2 dagger (weapon)
Armour
 b - a +0 robe (worn)
 n - a +0 cloak (worn)
 r - a +0 pair of gloves (worn)
Jewellery
 g - a ring of positive energy (left hand)
 k - a +6 ring of strength (right hand)
Wands
 D - a wand of paralysis (13)
 F - a wand of roots (6)
Scrolls
 d - a scroll of summoning {unknown}
 e - a scroll of revelation
 h - a scroll of poison {unknown}
 i - a scroll of noise {unknown}
 l - a scroll of enchant weapon
 o - 3 scrolls of immolation {unknown}
 p - 4 scrolls of fog {unknown}
 q - 3 scrolls of blinking {unknown}
 w - a scroll of fear {unknown}
 y - a scroll of teleportation {unknown}
 z - a scroll of vulnerability {unknown}
 A - a scroll of amnesia {unknown}
 B - a scroll of silence {unknown}
 C - 2 scrolls of brand weapon {unknown}
Potions
 c - 5 potions of invisibility
 f - 3 potions of might
 j - 3 potions of curing
 m - a potion of attraction {unknown}
 s - 3 potions of brilliance
 t - a potion of experience {unknown}
 u - a potion of cancellation
 x - 3 potions of degeneration
Miscellaneous
 E - a phantom mirror


   Skills:
 + Level 11.5 Fighting
 - Level 0.8 Short Blades
 - Level 2.1 Dodging
 - Level 2.4 Stealth
 + Level 9.2 Spellcasting
 + Level 9.2 Conjurations
 + Level 9.2 Hexes
 + Level 9.2 Summonings
 + Level 9.2 Necromancy
 + Level 9.2 Translocations
 + Level 9.2 Fire Magic
 + Level 9.2 Ice Magic
 + Level 9.2 Air Magic
 + Level 9.2 Earth Magic
 + Level 9.2 Alchemy


You knew the following spells:

 Your Spells              Type           Power      Damage    Failure   Level
a - Ensorcelled Hibernat  Hex/Ice        100%       N/A       1%          2
b - Confusing Touch       Hex            50%        N/A       1%          3
c - Tukima's Dance        Hex            50%        N/A       1%          3
d - Dazzling Flash        Conj/Hex       100%       N/A       1%          3
e - Shock                 Conj/Air       100%       1d9       1%          1
f - Call Imp              Summ           100%       N/A       1%          2
g - Inner Flame           Hex/Fire       50%        N/A       1%          3
h - Animate Armour        Summ/Erth      100%       N/A       1%          4
i - Yara's Violent Unrav  Hex/Alch       25%        3d11      4%          5
Your spell library was empty.

Dungeon Overview and Level Annotations

Branches:
Dungeon (9/15)             Temple (0/1) D:4           Sewer (visited)
 Bailey (1/1)
   Lair: D:8-11         Orc: D:9-12

Altars:
Dithmenos
Hepliaklqana
Nemelex Xobeh
Qazlal
Xom

Shops:
D:1 (

Annotations:
D:8 Maurice


Innate Abilities, Weirdness & Mutations

You are immune to sickness and miasma.
You are immune to poison.
Your flesh is very heat resistant. (rF++)
You are vulnerable to cold. (rC-)
You float through the air rather than walking.
You learn spells naturally, not from books.
Your magical power is your life essence.
You have superior vitality. (+4 MHP)


Message History

A tiny devil pulls itself out of the air.
Unknown command.
Casting: Call Imp (safe; 1% risk of failure)
Confirm with . or Enter, or press ? or * to list all spells.
Aiming: Inner Flame (safe; 1% risk of failure)
Press: ? - help, Dir - move target, f - orc knight
Aim: an orc knight, wielding a +3 bardiche of venom and wearing a +0 chain mail (ally target, chance to affect: 84%)
The orc knight is filled with an inner flame.
Your cerulean imp hits the orc knight from afar with a +1 spear.
Flame seeps out of the orc knight.
The orc knight is engulfed in blazing flames.
Flame seeps out of the orc knight.
Your cerulean imp hits the orc knight with a +1 spear.
Flame seeps out of the orc knight.
The orc knight is engulfed in blazing flames.
Flame seeps out of the orc knight.
The orc knight hits your cerulean imp with a +3 bardiche of venom!!
Your cerulean imp dies!
Your cerulean imp disappears in a puff of smoke!
The zap hits the orc knight!
Flame seeps out of the orc knight.
The orc knight is heavily wounded.
The zap hits the orc knight.
Flame seeps out of the orc knight.
The orc knight is heavily wounded.
The orc knight is engulfed in blazing flames.
Flame seeps out of the orc knight.
The orc knight closely misses you.
The zap misses the orc knight.
The orc knight is engulfed in blazing flames.
Flame seeps out of the orc knight.
The orc knight hits you from afar with a +3 bardiche of venom!!
* * * LOW HITPOINT WARNING * * *
Aiming: Fastroot
Press: ? - help, Shift-Dir - straight line, f/p - orc knight
Aim: an orc knight, wielding a +3 bardiche of venom and wearing a +0 chain mail (flame, severely wounded, inner flame)
The roots erupt in riotous growth!
Roots grab the orc knight.
The grasping roots constrict the orc knight, but do no damage.
The orc knight is engulfed in blazing flames.
Flame seeps out of the orc knight.
The orc knight hits you from afar with a +3 bardiche of venom!!
You die...

.##≈...............≈##.##≈.....#
........................#≈.....#
.∩#≈...............≈#∩.##≈.....#
.##≈....#######....≈##.#≈≈.....#
.≈≈≈....# ...##...≈≈≈.≈≈......#
........# ...##..............#
........# #o.##.............#
....##..# #..#.............#
)...##)### ###@##............#
....##.'.# #.'.##............#
....##.### ###.##............#
....##.'.# #.'.##............#
....##.#########.##..).........#
.....#..##.#.##).#..)..........#
.....##..#)#'#).##.............#
......##..)).).##.....)........#
.≈≈≈...#########...≈≈≈.≈≈......#


You could see an orc knight (inner flame, rooted).

Vanquished Creatures
  2 two-headed ogres (D:7)
  A hornet (D:9)
  A steam dragon (D:8)
  Duvessa (D:7)
  2 water moccasins
  2 sky beasts
  13 orc warriors
  A black bear (D:5)
  2 boggarts (D:7)
  3 centaurs
  A phantom (D:5)
  A bullfrog (D:8)
  A gnoll sergeant (D:6)
  A scorpion (D:5)
  9 wights
  Dowan (D:7)
  A howler monkey (D:5)
  3 bombardier beetles
  2 hounds
  3 jellies
  2 orc priests
  A gnoll bouda (D:4)
  A sleepcap (D:5)
  4 iguanas
  4 orc wizards
  Robin (D:2)
  7 gnolls
  15 adders
  A shadow imp (D:6)
  A white imp (D:5)
  A ribbon worm (D:2)
  4 dart slugs
  26 orcs
  4 endoplasms
  6 giant cockroaches
  19 goblins
  10 hobgoblins
  5 jackals
  13 kobolds
  3 quokkas
  10 ball pythons
  8 bats
  3 frilled lizards
  7 rats
207 creatures vanquished.

Vanquished Creatures (collateral kills)
  An orc knight (Bailey)
  A black bear (D:6)
  A kobold brigand (Sewer)
  An orc priest (D:9)
  A white imp (D:5)
  A quokka (D:4)
6 creatures vanquished.

Grand Total: 213 creatures vanquished

Notes
Turn   | Place    | Note
-------+----------+-------------------------------------------
     0 | D:1      | cforsyth the Djinni Enchanter began the quest for the Orb.
     0 | D:1      | cforsyth set off with the following spells memorised:
                  | Ensorcelled Hibernation, Confusing Touch, Tukima's Dance,
                  | Dazzling Flash.
     0 | D:1      | Reached XP level 1. HP: 15/15 MP: 0/0
   131 | D:1      | Found Icempaurr's Weapon Boutique.
   148 | D:1      | Reached XP level 2. HP: 22/22 MP: 0/0
   221 | D:1      | Reached skill level 1 in Fighting
   958 | D:2      | Reached XP level 3. HP: 18/27 MP: 0/0
   958 | D:2      | Learned a level 1 spell: Shock
  1005 | D:2      | Noticed Robin
  1014 | D:2      | Killed Robin
  1019 | D:2      | Reached skill level 2 in Fighting
  1151 | D:2      | Found a shadowy altar of Dithmenos.
  1280 | D:2      | Reached XP level 4. HP: 27/33 MP: 0/0
  2058 | D:3      | Reached skill level 3 in Fighting
  2058 | D:3      | Reached XP level 5. HP: 28/40 MP: 0/0
  2058 | D:3      | Learned a level 2 spell: Call Imp
  2335 | D:3      | Found a glowing drain.
  2364 | Sewer    | Entered a sewer
  2526 | Sewer    | Noticed a kobold brigand
  2564 | Sewer    | Killed a kobold brigand
  2565 | Sewer    | Reached XP level 6. HP: 23/47 MP: 0/0
  2673 | Sewer    | Reached skill level 4 in Fighting
  3537 | D:4      | Found a staircase to the Ecumenical Temple.
  3717 | D:4      | Reached XP level 7. HP: 30/53 MP: 0/0
  3717 | D:4      | Learned a level 3 spell: Inner Flame
  4417 | D:4      | Reached skill level 5 in Fighting
  4601 | D:5      | Entered Level 5 of the Dungeon
  4609 | D:5      | Reached skill level 5 in Spellcasting
  4609 | D:5      | Reached skill level 5 in Conjurations
  4609 | D:5      | Reached skill level 5 in Hexes
  4609 | D:5      | Reached skill level 5 in Summonings
  4609 | D:5      | Reached skill level 5 in Necromancy
  4609 | D:5      | Reached skill level 5 in Translocations
  4609 | D:5      | Reached skill level 5 in Fire Magic
  4609 | D:5      | Reached skill level 5 in Ice Magic
  4609 | D:5      | Reached skill level 5 in Air Magic
  4609 | D:5      | Reached skill level 5 in Earth Magic
  4609 | D:5      | Reached skill level 5 in Alchemy
  4793 | D:5      | Reached XP level 8. HP: 22/61 MP: 0/0
  4798 | D:5      | Reached skill level 6 in Fighting
  5553 | D:6      | Reached skill level 7 in Fighting
  5755 | D:6      | Reached XP level 9. HP: 44/68 MP: 0/0
  5755 | D:6      | Learned a level 4 spell: Animate Armour
  5853 | D:6      | Found a stormy altar of Qazlal.
  5874 | D:6      | Found a shimmering altar of Xom.
  6031 | D:6      | Found a hazy altar of Hepliaklqana.
  6068 | D:6      | Found a shadowy altar of Dithmenos.
  6119 | D:6      | Reached skill level 8 in Fighting
  6777 | D:7      | Found a sparkling altar of Nemelex Xobeh.
  6968 | D:7      | Noticed Duvessa
  6979 | D:7      | Killed Duvessa
  7049 | D:7      | Noticed Dowan
  7060 | D:7      | Killed Dowan
  7161 | D:7      | Noticed a two-headed ogre
  7161 | D:7      | Noticed a two-headed ogre
  7172 | D:7      | Killed a two-headed ogre
  7172 | D:7      | Killed a two-headed ogre
  7173 | D:7      | Reached skill level 10 in Fighting
  7173 | D:7      | Reached XP level 10. HP: 60/80 MP: 0/0
  7887 | D:8      | Noticed Maurice
  7952 | D:8      | You are sucked into a shaft and drop 1 floor!
  8037 | D:8      | Found a flagged portal.
  8058 | Bailey   | Entered a bailey
  8295 | Bailey   | Reached skill level 11 in Fighting
  8951 | Bailey   | Reached XP level 11. HP: 74/87 MP: 0/0
  8951 | Bailey   | Learned a level 5 spell: Yara's Violent Unravelling
  9073 | Bailey   | Noticed an orc knight
  9088 | Bailey   | Killed an orc knight
  9216 | Bailey   | Noticed an orc knight
  9223 | Bailey   | Slain by an orc knight

Illustrated notes

Levels and vault maps discovered:
D:1:      dpeg_arrival_connections, layout_basic, serial_shops, shop_statue
D:2:      layout_loops_corners, basic_altar, uniq_robin
D:3:      layout_loops_ring, portal_sewer_entry_a, minivault_25
D:4:      kennysheep_big_flooded_room, layout_basic,
          minmay_temple_entry_statues_fountains, minivault_25,
          corexii_checkpoint
D:5:      layout_cave_pools, amcnicky_mini_pool_medium
D:6:      layout_cave_pools, nicolae_overflow_crystal_walls,
          riverfiend_overflow_shadow_ancestor, lemuel_crystal_altar
D:7:      layout_basic, nemelex_altar_shiori, nicolae_phantomly_mirrored,
          uniq_duvessa
D:8:      layout_rooms, lemuel_mausoleum_altar_kikubaaqudgha, enter_bailey_3,
          hex_large, uniq_maurice
D:9:      layout_roguey, kennysheep_mini_moat
Bailey:   bailey_polearm_2, bailey

Skill      XL: |  1  2  3  4  5  6  7  8  9 10 |
---------------+-------------------------------+-----
Spellcasting   | 3 4 5 6 8 9 |  9.2
Conjurations   | 3 4 5 6 8 9 |  9.2
Hexes          | 3 4 5 6 8 9 |  9.2
Summonings     | 3 4 5 6 8 9 |  9.2
Necromancy     | 3 4 5 6 8 9 |  9.2
Translocations | 3 4 5 6 8 9 |  9.2
Fire Magic     | 3 4 5 6 8 9 |  9.2
Ice Magic      | 3 4 5 6 8 9 |  9.2
Air Magic      | 3 4 5 6 8 9 |  9.2
Earth Magic    | 3 4 5 6 8 9 |  9.2
Alchemy        | 3 4 5 6 8 9 |  9.2
Fighting       | 1 2 3 4 5 7 10 11 | 11.5
Short Blades   | |  0.8
Dodging        | |  2.1
Stealth        | |  2.4

Action                     |  1- 3 |  4- 6 |  7- 9 | 10-12 || total
---------------------------+-------+-------+-------+-------++-------
  Melee: Dagger            |    72 |     2 |     1 |     3 ||    78
   Cast: Shock             |    30 |   162 |    71 |    45 ||   308
         Call Imp          |       |     1 |    41 |    19 ||    61
         Inner Flame       |       |       |    69 |    36 ||   105
         Animate Armour    |       |       |     1 |       ||     1
         Yara's Violent Un |       |       |       |     2 ||     2
  Evoke: Wand              |       |       |       |     1 ||     1
    Use: Scroll            |       |       |     6 |     4 ||    10
         Potion            |       |       |       |     3 ||     3
   Stab: Sleeping          |     3 |       |       |       ||     3
 Armour: Robe              |    25 |    42 |    41 |    45 ||   153
  Dodge: Dodged            |    44 |    44 |    25 |    32 ||   145

Table legend: (Time is in decaauts)
 A = Elapsed time spent in this place.
 B = Non-inter-level travel time spent in this place.
 C = Inter-level travel time spent in this place.
 D = Time resting spent in this place.
 E = Time spent auto-exploring this place.
 F = Levels seen in this place.
 G = Mean time per level.
                   A        B        C        D        E       F      G
               +--------+--------+--------+--------+--------+-----+--------+
         Total |   9216 |   9056 |    160 |   1117 |   6489 |  11 |  837.8 |
       Dungeon |   7500 |   7340 |    160 |    472 |   5728 |   9 |  833.3 |
         Sewer |    551 |    551 |      0 |      0 |    431 |   1 |  551.0 |
        Bailey |   1164 |   1164 |      0 |    645 |    330 |   1 | 1164.0 |
               +--------+--------+--------+--------+--------+-----+--------+

Top non-repeatable levels by time:
     D:7: 1552 daAuts
     D:4: 1321 daAuts
  Bailey: 1164 daAuts
     D:2: 1158 daAuts
     D:5: 1030 daAuts
     D:1: 847 daAuts
     D:3: 811 daAuts
     D:6: 645 daAuts
   Sewer: 551 daAuts
     D:9: 79 daAuts
     D:8: 54 daAuts
